 Dungeon Crawl Stone Soup version 0.30.1-4-g462c640d31 (webtiles) character file.

Game seed: 5487797516499303297

133 booth the Chopper (level 4, 0/34 HPs)
             Began as a Demonspawn Gladiator on Aug 18, 2023.
             Slain by Pikel
             ... wielding a +0 whip of flaming
              (2 damage)
             ... on level 4 of the Dungeon.
             The game lasted 00:15:01 (3055 turns).

booth the Chopper (Demonspawn Gladiator)            Turns: 3055, Time: 00:15:02

Health: 0/34       AC:  5    Str: 14    XL:     4   Next: 94%
Magic:  13/13      EV: 17    Int: 11    God:
Gold:   205        SH:  0    Dex: 15    Spells: 3/3 levels left

rFire   . . .        a - +0 war axe
rCold   + . .        (no shield)
rNeg    . . .        b - +1 leather armour
rPois   .            c - +0 helmet
rElec   .            (no cloak)
rCorr   .            (no gloves)
SInv    .            (no boots)
Will    .....        (no amulet)
Stlth   +            r - ring "Mickor" {rC+ MP+9}
HPRegen 0.25/turn    j - +5 ring of evasion
MPRegen 0.26/turn

%: no passive effects
@: about to teleport
A: claws 1, demonic guardian 1, magic regeneration
a: no special abilities


You were on level 4 of the Dungeon.
You visited 1 branch of the dungeon, and saw 4 of its levels.

You collected 205 gold pieces.

Inventory:

Hand Weapons
 a - a +0 war axe (weapon)
Missiles
 d - 3 throwing nets (quivered)
 s - 2 poisoned darts
Armour
 b - a +1 leather armour (worn)
 c - a +0 helmet (worn)
 h - a +0 ring mail
Jewellery
 j - a +5 ring of evasion (right claw)
 o - a ring of wizardry
 r - the ring "Mickor" (left claw) {rC+ MP+9}
   (You acquired it on level 2 of the Dungeon)

   [ring of magical power]

   rC:        It protects you from cold.
   MP:        It affects your magic capacity (+9).
Scrolls
 i - a scroll of poison
 n - a scroll of fog
 p - a scroll of enchant armour
 q - a scroll of fear
Potions
 f - a potion of resistance
 m - 2 potions of brilliance


   Skills:
 + Level 2.6 Fighting
 * Level 3.7(3.9) Axes
 + Level 1.4(2.8) Maces & Flails
 + Level 2.5 Throwing
 + Level 3.2 Dodging


You had 3 spell levels left.
You didn't know any spells.
Your spell library contained the following spells:

 Spells                   Type           Power      Damage    Failure   Level
 Searing Ray              Conj           0%         2d4       56%         2
 Fulminant Prism          Conj/Hex       0%         3d5       99%         4
 Metabolic Englaciation   Hex/Ice        0%         N/A       100%        5


Dungeon Overview and Level Annotations

Branches:
Dungeon (4/15)             Temple (0/1) D:4

Altars:
Trog

Annotations:
D:4 Pikel


Innate Abilities, Weirdness & Mutations

You have sharp fingernails.
A weak demonic guardian rushes to your aid.
You regenerate magic rapidly.


Message History

Okay, then.
Okay, then.
Blink to where?
Press: ? - help, Dir - move target, p - lemure A lemure comes into view.
As you read the scroll of blinking, it crumbles to dust.
The lemure shouts!
There is a stone staircase leading up here.
You climb upwards.
There is a stone staircase leading down here.
You start resting.
HP restored.
You climb downwards.
Level annotation: Pikel The lemure misses you. x3; The lemure barely misses you.
There is a stone staircase leading up here.
The lemure attacks as you move away! The lemure hits you.
The lemure attacks as you move away! The lemure hits you. x2
The lemure attacks as you move away! The lemure hits you but does no damage.
Pikel hits you but does no damage. The lemure barely misses you.
You hit Pikel.
Pikel is lightly wounded.
You barely miss the lemure. You hit the lemure but do no damage.
The lemure hits you.
Pikel hits you with a +0 whip of flaming.
Pikel burns you. The lemure hits you. Pikel barely misses you.
The lemure hits you.
* * * LOW HITPOINT WARNING * * *
A demonic guardian appears!
The lemure hits you but does no damage.
As you read the scroll of teleportation, it crumbles to dust.
You feel strangely unstable. The lemure completely misses you.
The lemure barely misses you. Pikel closely misses you.
The lemure barely misses you.
Your white imp hits the lemure but does no damage.
The lemure attacks as you move away! The lemure hits you but does no damage.
The lemure closely misses you.
Pikel hits you with a +0 whip of flaming.
* * * LOW HITPOINT WARNING * * *
Pikel burns you.
You die...

######......#
............+
............#
............#
............###
##++##5<.......
#.55......
#55.......
#K@.......
#(........
#..######.........
#........#######+
##....#..#
#....+..#
#..5.#..#
#P.P.#..#
##.####.#


You could see Pikel, 4 lemures and a friendly white imp (summoned).

Vanquished Creatures
  An orc wizard (D:3)
  7 adders
  A dart slug (D:3)
  3 orcs (D:3)
  4 endoplasms
  3 goblins
  4 hobgoblins
  3 jackals (D:2)
  2 quokkas (D:2)
  3 ball pythons
  2 bats (D:2)
  3 frilled lizards
  2 kobolds (D:2)
  5 rats
43 creatures vanquished.

Notes
Turn   | Place    | Note
-------+----------+-------------------------------------------
     0 | D:1      | booth the Demonspawn Gladiator began the quest for the Orb.
     0 | D:1      | Reached XP level 1. HP: 16/16 MP: 1/1
   328 | D:1      | Got the Guide on Blows and Bad Luck
   691 | D:1      | Found a faded altar of an unknown god.
   802 | D:2      | Gained mutation: You have sharp fingernails. [demonic
                  | ancestry]
   802 | D:2      | Reached XP level 2. HP: 22/22 MP: 2/2
  1138 | D:2      | Gained mutation: You regenerate magic rapidly. [demonic
                  | ancestry]
  1138 | D:2      | Reached XP level 3. HP: 27/27 MP: 3/3
  1547 | D:2      | Reached skill level 1 in Maces & Flails
  1547 | D:2      | Gained mutation: A weak demonic guardian rushes to your
                  | aid. [demonic ancestry]
  1547 | D:2      | Reached XP level 4. HP: 26/34 MP: 4/4
  1824 | D:2      | Identified a scroll of acquirement
  1824 | D:2      | Acquired the ring "Mickor" {rC+ MP+9}
  2041 | D:3      | HP: 1/34 [something/magic dart (12)]
  2637 | D:3      | Found a bloodstained altar of Trog.
  2916 | D:4      | Found a staircase to the Ecumenical Temple.
  2916 | D:4      | Noticed a lemure
  2916 | D:4      | Noticed a lemure
  2916 | D:4      | Noticed a lemure
  2917 | D:4      | Noticed Pikel
  2935 | D:4      | Noticed a lemure
  3055 | D:4      | Slain by Pikel

Illustrated notes

Levels and vault maps discovered:
D:1:      psy_arrival_radial01, layout_basic, dilly_ecumenical_altar_fadedgnrine
D:2:      layout_loops_corners, basic_altar, minmay_pentomino_p4
D:3:      layout_basic, lemuel_tele_altar
D:4:      layout_gridville, elyvilon_altar_5, general_overflow_altar,
          minmay_temple_entry_gardened_gates, uniq_blork_the_orc, uniq_sigmund,
          uniq_pikel, uniq_robin

Skill      XL: |  1  2  3 |
---------------+----------+-----
Axes           | 3 |  3.7
Throwing       | 2 |  2.5
Dodging        | 3 |  3.2
Maces & Flails | 1 |  1.4
Fighting       | |  2.6

Action                     |  1- 3 |  4- 6 || total
---------------------------+-------+-------++-------
  Melee: War axe           |    74 |    75 ||   149
         Punch             |     1 |       ||     1
  Throw: Javelin           |       |     1 ||     1
    Use: Scroll            |     5 |     8 ||    13
         Potion            |     1 |     1 ||     2
   Stab: Sleeping          |     1 |       ||     1
 Armour: Leather armour    |    23 |    31 ||    54
  Dodge: Dodged            |    49 |    94 ||   143
